 Dungeon Crawl Stone Soup version 0.30-a0-137-gd8773701ce (webtiles) character file.

Game seed: 5152215602179487111

60 gMajorSevenFlatFive the Grave Robber (level 3, -1/24 HPs)
             Began as a Mummy Necromancer on Sept 24, 2022.
             Slain by a sky beast (5 damage)
             ... on level 3 of the Dungeon.
             The game lasted 00:05:25 (2661 turns).

gMajorSevenFlatFive the Grave Robber (MuNe)         Turns: 2661, Time: 00:05:26

Health: -1/24      AC:  2    Str: 11    XL:     3   Next: 82%
Magic:  7/7        EV: 12    Int: 16    God:
Gold:   57         SH:  0    Dex: 12    Spells: 6/7 levels left

rFire   x . .      SeeInvis .    b - +0 hand axe
rCold   + . .      Faith    +    (no shield)
rNeg    + + +      Spirit   .    a - +0 robe
rPois   ∞          Reflect  .    (no helmet)
rElec   .          Harm     .    (no cloak)
rCorr   .          Rampage  .    (no gloves)
Will    .....                    (no boots)
Stlth   ++........               (no amulet)
HPRegen 0.08/turn                (no ring)
MPRegen 0.10/turn                (no ring)

@: no status effects
A: cold resistance 1, negative energy resistance 3, torment resistance 2, heat
vulnerability 1, in touch with death 1, no potions, faith
a: no special abilities


You were on level 3 of the Dungeon.
You visited 1 branch of the dungeon, and saw 3 of its levels.

You collected 57 gold pieces.

Inventory:

Hand Weapons
 b - a +0 hand axe (weapon)
Missiles
 f - 2 poisoned darts
Armour
 a - a +0 robe (worn)
Jewellery
 i - a ring of fire
Scrolls
 c - a scroll of vulnerability
 e - a scroll of noise
 g - a scroll of immolation


   Skills:
 - Level 1.5 Dodging
 - Level 1.5 Stealth
 - Level 2.6 Spellcasting
 * Level 5.5 Necromancy


You had 6 spell levels left.
You knew the following spells:

 Your Spells              Type           Power      Damage    Failure   Level
a - Necrotise             Necr           100%       1d9       1%          1

Your spell library contained the following spells:

 Spells                   Type           Power      Damage    Failure   Level
 Vampiric Draining        Necr           29%        2d8       6%          3
 Animate Dead             Necr           29%        N/A       21%         4
 Ensorcelled Hibernation  Hex/Ice        4%         N/A       28%         2
 Passwall                 Tmut/Erth      1%         N/A       28%         2
 Swiftness                Air            2%         N/A       50%         3
 Agony                    Necr           29%        N/A       50%         5


Dungeon Overview and Level Annotations

Branches:
Dungeon (3/15)

Altars:

Shops:
D:1 [


Innate Abilities, Weirdness & Mutations

You are immune to poison.
Your flesh is cold resistant. (rC+)
You are immune to negative energy. (rN+++)
You are immune to unholy pain and torment.
You are vulnerable to heat. (rF-)
You are in touch with the powers of death.
You do not drink.
You have a special connection with the divine. (Faith)


Message History

Aim: an orc, wielding a +0 short sword and wearing a +0 chain mail (chance to affect: 93%)
You feel a surge of power!
The orc writhes in agony.
Casting: Necrotise (safe; 1% risk of failure)
Confirm with . or Enter, or press ? or * to list all spells.
Aiming: Necrotise (safe; 1% risk of failure)
Press: ? - help, Shift-Dir - straight line, f/p - orc
Aim: an orc, wielding a +0 short sword and wearing a +0 chain mail (severely wounded, chance to affect: 93%)
You feel a surge of power!
The orc writhes in agony!
You kill the orc!
The dead are walking!
A sky beast comes into view.
As you read the scroll labelled RUL YCZAJUCHODEE, it crumbles to dust.
It is a scroll of identify.
c - a scroll of vulnerability The sky beast flickers out of sight!
Deactivating autopickup; reactivate with Ctrl-A.
As you read the scroll of identify, it crumbles to dust.
e - a scroll of noise
As you read the scroll of identify, it crumbles to dust.
g - a scroll of immolation
Okay, then.
Unknown command.
Why would you want to do that?
Unknown command.
Unknown command.
Why would you want to do that?
A sky beast appears from thin air!
Reactivating autopickup.
Your orc skeleton misses the sky beast.
The sky beast flickers out of sight!
Deactivating autopickup; reactivate with Ctrl-A.
Something hits you. Something shocks you. Something hits you.
Something shocks you.
* * * LOW HITPOINT WARNING * * *
The air fills with toxic fumes!
As you read the scroll labelled LANWASY HOCU, it crumbles to dust.
It was a scroll of poison.
Something hits you.
* * * LOW HITPOINT WARNING * * *
Something shocks you.
You die...

#.≈.#.≈# #..#
#.≈.# #.##
#.≈Z###.#
#.≈..##.#
#§≈..##.#####
#####§§.......§§#
...§§§§§...#.§§§#
≈≈≈§§§§§§###§§§§#
...§§§§§§.@§§§§§#
###§§§§§§###§§§§#
######## #.§§§#
######


There were no monsters in sight!

Vanquished Creatures
  A worm (D:2)
  An orc (D:3)
  4 endoplasms
  A giant cockroach (D:2)
  5 goblins
  6 hobgoblins
  3 jackals (D:1)
  3 quokkas
  7 ball pythons
  8 bats
  A frilled lizard (D:1)
  4 kobolds
  5 rats
49 creatures vanquished.

Vanquished Creatures (collateral kills)
  An endoplasm (D:1)
  A bat (D:1)
2 creatures vanquished.

Grand Total: 51 creatures vanquished

Notes
Turn   | Place    | Note
-------+----------+-------------------------------------------
     0 | D:1      | gMajorSevenFlatFive the Mummy Necromancer began the quest
                  | for the Orb.
     0 | D:1      | Reached XP level 1. HP: 13/13 MP: 4/4
   483 | D:1      | Reached XP level 2. HP: 19/19 MP: 1/5
  1118 | D:1      | Found Gatuicol's Antique Armour Shoppe.
  1228 | D:1      | Reached skill level 5 in Necromancy
  1231 | D:1      | Gained mutation: You are in touch with the powers of death.
                  | [Mummy growth]
  1231 | D:1      | Reached XP level 3. HP: 9/24 MP: 1/7
  2646 | D:3      | Noticed a sky beast
  2661 | D:3      | Slain by a sky beast

Illustrated notes

Levels and vault maps discovered:
D:1:      wander_arrival_chamber, layout_loops_ring, serial_shops, shop,
          hangedman_abyss_or_decor_lesser_grid
D:2:      layout_loops_ring
D:3:      lemuel_castle_with_subvaults [lemuel_castle_interior_original],
          layout_basic, nicolae_overflow_squiral,
          hellmonk_ecumenical_altar_run_dry

Skill      XL: |  1  2 |
---------------+-------+-----
Necromancy     | 5 |  5.5
Dodging        | |  1.5
Stealth        | |  1.5
Spellcasting   | |  2.6

Action                   || total
-------------------------++-------
Melee: Hand axe          ||    48
       Unarmed           ||     3
       Punch             ||     1
 Cast: Necrotise         ||    58
  Use: Scroll            ||     4
 Stab: Sleeping          ||     2
Armor: Robe              ||    15
Dodge: Dodged            ||    51

Table legend: (Time is in decaauts)
 A = Elapsed time spent in this place.
 B = Non-inter-level travel time spent in this place.
 C = Inter-level travel time spent in this place.
 D = Time resting spent in this place.
 E = Time spent auto-exploring this place.
 F = Levels seen in this place.
 G = Mean time per level.
                   A        B        C        D        E       F      G
               +--------+--------+--------+--------+--------+-----+--------+
         Total |   2674 |   2622 |     52 |      0 |   2308 |   3 |  891.3 |
       Dungeon |   2674 |   2622 |     52 |      0 |   2308 |   3 |  891.3 |
               +--------+--------+--------+--------+--------+-----+--------+

Top non-repeatable levels by time:
     D:1: 1652 daAuts
     D:2: 819 daAuts
     D:3: 201 daAuts
